| TOP OF THE 1ST |
|
Minnesota (NYP) Twins batting - Pitching for Staten Island Yankees : LHP Ricky Espinoza
|
|
Pitching: LHP Ricky Espinoza
|
|
|
Batting: LHB Chris Munguia
|
0-0: SINGLE (Groundball, 4S, EV 63.1 MPH) (infield hit)
|
|
Batting: RHB David Nardone
|
0-0: Called Strike Chris Munguia steals 2nd, throwing error, E2 Chris Munguia to third 0-1: Ball 1-1: Foul Ball, location: 2F 1-2: Strikes out swinging
|
|
Batting: RHB Miguel Diaz
|
0-0: Called Strike 0-1: Ball 1-1: Foul Ball, location: 2F 1-2: Ball 2-2: Ball 3-2: SINGLE (Groundball, 6MS, EV 91.2 MPH) (infield hit) Chris Munguia scores
|
|
Batting: RHB Michael McDonald
|
0-0: Ball 1-0: Fielders Choice at 2nd, 3-6 (Groundball, 34S, EV 86.9 MPH)
|
|
Batting: RHB Sean Gould
|
0-0: SINGLE (Groundball, 6MD, EV 101.9 MPH) Michael McDonald to second Runner from 2nd tries for 3rd, SAFE, throw by CF made to third Sean Gould to second
|
|
Batting: RHB Graham Calvert
|
0-0: TRIPLE (Flyball, 78XD, EV 98.8 MPH) Michael McDonald scores Sean Gould scores
|
|
Batting: RHB Tony Crespo
|
0-0: Swinging Strike 0-1: Foul Ball, location: 2F 0-2: Foul Ball, location: 2F 0-2: Ball 1-2: Foul Ball, location: 2F 1-2: Strikes out swinging
|
| Top of the 1st over - 3 runs, 4 hits, 1 error, 1 left on base; Minnesota (NYP) 3 - Staten Island 0 |
| BOTTOM OF THE 1ST |
|
Staten Island Yankees batting - Pitching for Minnesota (NYP) Twins : LHP Mike Horton
|
|
Pitching: LHP Mike Horton
|
|
|
Batting: RHB Luwen Storm
|
0-0: Called Strike 0-1: SINGLE (Line Drive, 9S, EV 91.9 MPH)
|
|
Batting: RHB Steve Martin
|
0-0: Ball 1-0: Ball 2-0: Ball 3-0: Base on Balls Luwen Storm to second
|
|
Batting: LHB Roald Jacobs
|
0-0: Called Strike 0-1: Ball 1-1: Fly out, F8 (Flyball, 8RS, EV 81.9 MPH)
|
|
Batting: RHB Andres Valles
|
0-0: Ball 1-0: Ball 2-0: Called Strike 2-1: Ball 3-1: SINGLE (Groundball, 4S, EV 68.8 MPH) (infield hit) Luwen Storm to third Steve Martin to second
|
|
Batting: LHB Tatsuo Yasui
|
0-0: Ball 1-0: Foul Ball, location: 2F 1-1: Foul Ball, location: 2F 1-2: Fly out, F8 (Flyball, 8RXD, EV 93.1 MPH) Runner from 3rd tags up, SCORES, no throw by CF Steve Martin to third
|
|
Batting: RHB Chris Diaz
|
0-0: Ball 1-0: Ball 2-0: SINGLE (Line Drive, 7S, EV 100.0 MPH) Steve Martin scores Andres Valles to second
|
|
Batting: RHB Nick Massengale
|
0-0: Hit by Pitch Andres Valles to third Chris Diaz to second
|
|
Batting: RHB Chris Yancey
|
0-0: Ball 1-0: Foul Ball, location: 2F 1-1: Ball 2-1: Ball 3-1: Base on Balls Andres Valles scores Chris Diaz to third Nick Massengale to second
|
|
Batting: SHB Victor Martinez
|
0-0: Ball 1-0: Called Strike 1-1: Ball 2-1: Called Strike 2-2: Ball Wild Pitch! Chris Diaz scores Nick Massengale to third Chris Yancey to second 3-2: Foul Ball, location: 2F 3-2: SINGLE (Line Drive, 34D, EV 98.1 MPH) Nick Massengale scores Chris Yancey to third
|
|
Batting: RHB Luwen Storm
|
0-0: Ball 1-0: Called Strike 1-1: Ball 2-1: SINGLE (Groundball, 56D, EV 96.9 MPH) Chris Yancey scores Victor Martinez to second
|
|
Batting: RHB Steve Martin
|
0-0: Ball 1-0: Ball 2-0: Ball 3-0: Called Strike 3-1: Foul Ball, location: 2F 3-2: Foul Ball, location: 2F 3-2: Base on Balls Victor Martinez to third Luwen Storm to second
|
|
Batting: LHB Roald Jacobs
|
0-0: Ball 1-0: Called Strike 1-1: Swinging Strike 1-2: Ball 2-2: Ball 3-2: Ground out U3 (Groundball, 3, EV 83.8 MPH)
|
| Bottom of the 1st over - 6 runs, 5 hits, 0 errors, 3 left on base; Minnesota (NYP) 3 - Staten Island 6 |
| TOP OF THE 2ND |
|
Minnesota (NYP) Twins batting - Pitching for Staten Island Yankees : LHP Ricky Espinoza
|
|
Batting: RHB Chris Starcher
|
0-0: Called Strike 0-1: Ground out 6-3 (Groundball, 6, EV 103.8 MPH)
|
|
Batting: LHB Seung-jun Chang
|
0-0: Ball 1-0: Foul Ball, location: 2F 1-1: Ball 2-1: Ball 3-1: Base on Balls
|
|
Batting: LHB Chris Munguia
|
0-0: Called Strike Seung-jun Chang steals 2nd, throwing error, E2 Seung-jun Chang to third 0-1: Called Strike 0-2: DOUBLE (Flyball, 78D, EV 110.0 MPH) Seung-jun Chang scores
|
|
Batting: RHB David Nardone
|
0-0: Ball Chris Munguia steals 3rd base 1-0: Foul Ball, location: 2F 1-1: Called Strike 1-2: Strikes out swinging
|
|
Batting: RHB Miguel Diaz
|
0-0: Ball Wild Pitch! Chris Munguia scores 1-0: Called Strike 1-1: Fly out, F9 (Line Drive, 9S, EV 103.8 MPH)
|
| Top of the 2nd over - 2 runs, 1 hit, 1 error, 0 left on base; Minnesota (NYP) 5 - Staten Island 6 |
| BOTTOM OF THE 2ND |
|
Staten Island Yankees batting - Pitching for Minnesota (NYP) Twins : LHP Mike Horton
|
|
Batting: RHB Andres Valles
|
0-0: Called Strike 0-1: Fly out, F7 (Flyball, 7D, EV 82.5 MPH)
|
|
Batting: LHB Tatsuo Yasui
|
0-0: Swinging Strike 0-1: Ball 1-1: Ball 2-1: Foul Ball, location: 2F 2-2: Ground out 4-3 (Groundball, 4, EV 103.8 MPH)
|
|
Batting: RHB Chris Diaz
|
0-0: Ball 1-0: Ball 2-0: Ball 3-0: Base on Balls
|
|
Pitching: RHP Kevin Colgin
|
|
|
Batting: RHB Nick Massengale
|
0-0: Ball 1-0: Called Strike 1-1: Foul Ball, location: 2F 1-2: 2-RUN HOME RUN (Flyball, 78XD, EV 98.1 MPH), Distance : 406 ft
|
|
Batting: RHB Chris Yancey
|
0-0: Swinging Strike 0-1: Foul Ball, location: 2F 0-2: Ball 1-2: Ball 2-2: Ball 3-2: Ground out 5-3 (Groundball, 56S, EV 78.8 MPH)
|
| Bottom of the 2nd over - 2 runs, 1 hit, 0 errors, 0 left on base; Minnesota (NYP) 5 - Staten Island 8 |
| TOP OF THE 3RD |
|
Minnesota (NYP) Twins batting - Pitching for Staten Island Yankees : LHP Ricky Espinoza
|
|
Batting: RHB Michael McDonald
|
0-0: Called Strike 0-1: Ball 1-1: Swinging Strike 1-2: Ball 2-2: Foul Ball, location: 2F 2-2: SINGLE (Groundball, 56S, EV 73.1 MPH) (infield hit)
|
|
Batting: RHB Sean Gould
|
0-0: Ball 1-0: Ball 2-0: Ball 3-0: Called Strike 3-1: Called Strike 3-2: Foul Ball, location: 2F 3-2: Strikes out swinging
|
|
Batting: RHB Graham Calvert
|
0-0: Called Strike 0-1: Ball 1-1: Ball 2-1: Ball 3-1: Called Strike 3-2: Foul Ball, location: 2F 3-2: Foul Ball, location: 2F 3-2: Fly out, F8 (Flyball, 8LM, EV 86.2 MPH)
|
|
Batting: RHB Tony Crespo
|
0-0: Ball 1-0: Swinging Strike 1-1: Ball 2-1: Foul Ball, location: 2F 2-2: Strikes out swinging
|
| Top of the 3rd over - 0 runs, 1 hit, 0 errors, 1 left on base; Minnesota (NYP) 5 - Staten Island 8 |
| BOTTOM OF THE 3RD |
|
Staten Island Yankees batting - Pitching for Minnesota (NYP) Twins : RHP Kevin Colgin
|
|
Batting: SHB Victor Martinez
|
0-0: Called Strike 0-1: Ball 1-1: Called Strike 1-2: Ball 2-2: Foul Ball, location: 2F 2-2: Strikes out swinging
|
|
Batting: RHB Luwen Storm
|
0-0: Ball 1-0: Ball 2-0: Foul Ball, location: 2F 2-1: Ball 3-1: Ground out 4-3 (Groundball, 4M, EV 81.9 MPH)
|
|
Pitching: RHP Matt Lundy
|
|
|
Batting: RHB Steve Martin
|
0-0: Ball 1-0: Ball 2-0: Called Strike 2-1: Swinging Strike 2-2: Foul Ball, location: 2F 2-2: Ball 3-2: Foul Ball, location: 2F 3-2: Ground out 5-3 (Groundball, 56, EV 104.4 MPH)
|
| Bottom of the 3rd over - 0 runs, 0 hits, 0 errors, 0 left on base; Minnesota (NYP) 5 - Staten Island 8 |
| TOP OF THE 4TH |
|
Minnesota (NYP) Twins batting - Pitching for Staten Island Yankees : LHP Ricky Espinoza
|
|
Batting: RHB Chris Starcher
|
0-0: SINGLE (Line Drive, 78M, EV 96.2 MPH)
|
|
Pitching: RHP Tom Bennett
|
|
|
Batting: LHB Seung-jun Chang
|
0-0: Ball Wild Pitch! Chris Starcher to second 1-0: Called Strike 1-1: Ball 2-1: Called Strike 2-2: Strikes out swinging
|
|
Batting: LHB Chris Munguia
|
0-0: Ball 1-0: Ball 2-0: Foul Ball, location: 2F 2-1: Ball 3-1: Base on Balls
|
|
Batting: RHB David Nardone
|
0-0: Foul Ball, location: 2F 0-1: Foul Ball, location: 2F 0-2: Strikes out looking
|
|
Batting: RHB Miguel Diaz
|
0-0: Ball 1-0: Fly out, F7 (Line Drive, 7, EV 98.8 MPH)
|
| Top of the 4th over - 0 runs, 1 hit, 0 errors, 2 left on base; Minnesota (NYP) 5 - Staten Island 8 |
| BOTTOM OF THE 4TH |
|
Staten Island Yankees batting - Pitching for Minnesota (NYP) Twins : RHP Matt Lundy
|
|
Batting: LHB Roald Jacobs
|
0-0: TRIPLE (Flyball, 89XD, EV 110.0 MPH)
|
|
Batting: RHB Andres Valles
|
0-0: Ball 1-0: Ball 2-0: Ball 3-0: Called Strike 3-1: Base on Balls
|
|
Batting: LHB Tatsuo Yasui
|
0-0: Ball 1-0: Foul Ball, location: 2F 1-1: Ball 2-1: 3-RUN HOME RUN (Flyball, 89XD, EV 99.4 MPH), Distance : 400 ft
|
|
Batting: RHB Chris Diaz
|
0-0: Ball 1-0: Swinging Strike 1-1: Ball 2-1: Ball 3-1: Foul Ball, location: 2F 3-2: DOUBLE (Line Drive, 9LS, EV 104.4 MPH)
|
|
Batting: RHB Nick Massengale
|
0-0: Ball 1-0: Fly out, F8 (Flyball, 8RXD, EV 95.6 MPH) Runner from 2nd tags up, SAFE at 3rd, no throw by CF
|
|
Batting: RHB Chris Yancey
|
0-0: Ground out 6-3 (Groundball, 6, EV 110.0 MPH) Chris Diaz scores
|
|
Batting: SHB Victor Martinez
|
0-0: Ball 1-0: Called Strike 1-1: Called Strike 1-2: Ball 2-2: SINGLE (Groundball, 6D, EV 101.2 MPH)
|
|
Batting: RHB Luwen Storm
|
0-0: Ball 1-0: Ball Victor Martinez steals 2nd base 2-0: Ground out U3 (Groundball, 3, EV 83.1 MPH)
|
| Bottom of the 4th over - 4 runs, 4 hits, 0 errors, 1 left on base; Minnesota (NYP) 5 - Staten Island 12 |
| TOP OF THE 5TH |
|
Minnesota (NYP) Twins batting - Pitching for Staten Island Yankees : RHP Tom Bennett
|
|
Batting: RHB Michael McDonald
|
0-0: Ball 1-0: Swinging Strike 1-1: Swinging Strike 1-2: Ball 2-2: Ground out 6-3 (Groundball, 6, EV 81.9 MPH)
|
|
Batting: RHB Sean Gould
|
0-0: Fly out, F6 (Popup, 6, EV 65.0 MPH)
|
|
Batting: RHB Graham Calvert
|
0-0: Called Strike 0-1: Called Strike 0-2: Ball 1-2: SOLO HOME RUN (Flyball, 8LXD, EV 112.5 MPH), Distance : 436 ft
|
|
Batting: RHB Tony Crespo
|
0-0: Fly out, F7 (Flyball, 7, EV 91.9 MPH)
|
| Top of the 5th over - 1 run, 1 hit, 0 errors, 0 left on base; Minnesota (NYP) 6 - Staten Island 12 |
| BOTTOM OF THE 5TH |
|
Staten Island Yankees batting - Pitching for Minnesota (NYP) Twins : RHP Matt Lundy
|
|
Batting: RHB Steve Martin
|
0-0: Ball 1-0: SOLO HOME RUN (Flyball, 7D, EV 98.1 MPH), Distance : 375 ft
|
|
Batting: LHB Roald Jacobs
|
0-0: Ball 1-0: Ball 2-0: Called Strike 2-1: Foul Ball, location: 2F 2-2: Foul Ball, location: 2F 2-2: Fly out, F1 (Line Drive, P, EV 66.2 MPH)
|
|
Batting: RHB Andres Valles
|
0-0: Ball 1-0: Ball 2-0: SINGLE (Flyball, 34D, EV 85.6 MPH)
|
|
Batting: LHB Tatsuo Yasui
|
0-0: Ball 1-0: Ball 2-0: Ball 3-0: Base on Balls Andres Valles to second
|
|
Batting: RHB Chris Diaz
|
0-0: Ball 1-0: Foul Ball, location: 2F 1-1: SINGLE (Groundball, 6MD, EV 106.9 MPH) (infield hit) Andres Valles to third Tatsuo Yasui to second
|
|
Batting: RHB Nick Massengale
|
0-0: Hit by Pitch Andres Valles scores Tatsuo Yasui to third Chris Diaz to second
|
|
Batting: RHB Chris Yancey
|
0-0: Called Strike 0-1: TRIPLE (Flyball, 9LD, EV 96.9 MPH) Tatsuo Yasui scores Chris Diaz scores Nick Massengale scores
|
|
Pitching: RHP Ruben Torres
|
|
|
Batting: SHB Victor Martinez
|
0-0: Called Strike 0-1: Ball 1-1: Ball 2-1: Ground out U3 (Groundball, 34, EV 104.4 MPH) Chris Yancey scores
|
|
Batting: RHB Luwen Storm
|
0-0: Ground out 6-3 (Groundball, 6, EV 103.1 MPH)
|
| Bottom of the 5th over - 6 runs, 4 hits, 0 errors, 0 left on base; Minnesota (NYP) 6 - Staten Island 18 |
| TOP OF THE 6TH |
|
Minnesota (NYP) Twins batting - Pitching for Staten Island Yankees : RHP Tom Bennett
|
|
Batting: RHB Chris Starcher
|
0-0: Called Strike 0-1: Fly out, F9 (Flyball, 89D, EV 106.2 MPH)
|
|
Batting: LHB Seung-jun Chang
|
0-0: Ball 1-0: Ball 2-0: Ball 3-0: Base on Balls
|
|
Batting: LHB Chris Munguia
|
0-0: Called Strike Seung-jun Chang steals 2nd base 0-1: Ball 1-1: Called Strike Seung-jun Chang steals 3rd base 1-2: Foul Ball, location: 2F 1-2: Fly out, F9 (Flyball, 9S, EV 87.5 MPH)
|
|
Batting: RHB David Nardone
|
0-0: Ball 1-0: Called Strike 1-1: Fly out, F5 (Popup, 5S, EV 78.1 MPH)
|
| Top of the 6th over - 0 runs, 0 hits, 0 errors, 1 left on base; Minnesota (NYP) 6 - Staten Island 18 |
| BOTTOM OF THE 6TH |
|
Staten Island Yankees batting - Pitching for Minnesota (NYP) Twins : RHP Ruben Torres
|
|
Batting: RHB Steve Martin
|
0-0: Ball 1-0: Swinging Strike 1-1: Foul Ball, location: 2F 1-2: Strikes out looking
|
|
Batting: LHB Roald Jacobs
|
0-0: Called Strike 0-1: Ball 1-1: Foul Ball, location: 2F 1-2: SOLO HOME RUN (Flyball, 89XD, EV 102.5 MPH), Distance : 403 ft
|
|
Batting: RHB Andres Valles
|
0-0: Called Strike 0-1: Ball 1-1: Swinging Strike 1-2: Strikes out swinging
|
|
Batting: LHB Tatsuo Yasui
|
0-0: Ball 1-0: Ball 2-0: Ball 3-0: Called Strike 3-1: Foul Ball, location: 2F 3-2: DOUBLE (Line Drive, 8RD, EV 100.0 MPH)
|
|
Batting: RHB Chris Diaz
|
0-0: Called Strike 0-1: Ball 1-1: Ball 2-1: Called Strike 2-2: Ball 3-2: Base on Balls
|
|
Batting: RHB Nick Massengale
|
0-0: Fielders Choice at 2nd, 5-4 (Groundball, 5, EV 86.9 MPH)
|
| Bottom of the 6th over - 1 run, 2 hits, 0 errors, 2 left on base; Minnesota (NYP) 6 - Staten Island 19 |
| TOP OF THE 7TH |
|
Minnesota (NYP) Twins batting - Pitching for Staten Island Yankees : RHP Tom Bennett
|
|
Pinch Hitting: RHB Mario Salazar
|
0-0: Ball 1-0: Ball 2-0: Ball 3-0: Base on Balls
|
|
Batting: RHB Michael McDonald
|
0-0: Swinging Strike 0-1: Ball 1-1: Ball 2-1: Ball 3-1: Foul Ball, location: 2F 3-2: Strikes out swinging
|
|
Pinch Hitting: RHB Alex Loaiza
|
0-0: Fly out, F8 (Flyball, 8RXD, EV 112.5 MPH)
|
|
Batting: RHB Graham Calvert
|
0-0: Called Strike 0-1: Fly out, F8 (Flyball, 8RXD, EV 98.8 MPH)
|
| Top of the 7th over - 0 runs, 0 hits, 0 errors, 1 left on base; Minnesota (NYP) 6 - Staten Island 19 |
| BOTTOM OF THE 7TH |
|
Staten Island Yankees batting - Pitching for Minnesota (NYP) Twins : RHP Ruben Torres
|
|
Now at 1B: Alex Loaiza
|
|
|
Now at 2B: Ben Berger
|
|
|
Batting: RHB Chris Yancey
|
0-0: Ball 1-0: Ball 2-0: Ball 3-0: Called Strike 3-1: Fly out, F3 (Flyball, 3D, EV 82.5 MPH)
|
|
Pinch Hitting: RHB Phil Corliss
|
0-0: Ball 1-0: SINGLE (Groundball, P, EV 80.6 MPH) (infield hit)
|
|
Batting: RHB Lorenzo Vasquez
|
0-0: Grounds into double play, 5-4-3 (Groundball, 5L, EV 110.6 MPH)
|
| Bottom of the 7th over - 0 runs, 1 hit, 0 errors, 0 left on base; Minnesota (NYP) 6 - Staten Island 19 |
| TOP OF THE 8TH |
|
Minnesota (NYP) Twins batting - Pitching for Staten Island Yankees : RHP Tom Bennett
|
|
Now at 2B: Phil Corliss
|
|
|
Now at SS: Steve Martin
|
|
|
Batting: RHB Tony Crespo
|
0-0: SINGLE (Line Drive, 8RS, EV 93.8 MPH)
|
|
Pitching: RHP Andres Baca
|
|
|
Batting: RHB Chris Starcher
|
0-0: Called Strike 0-1: Grounds into double play, 6-4-3 (Groundball, 6, EV 98.8 MPH)
|
|
Batting: LHB Seung-jun Chang
|
0-0: Called Strike 0-1: Foul Ball, location: 2F 0-2: Foul Ball, location: 2F 0-2: Foul Ball, location: 2F 0-2: Ball 1-2: Foul Ball, location: 2F 1-2: Strikes out swinging
|
| Top of the 8th over - 0 runs, 1 hit, 0 errors, 0 left on base; Minnesota (NYP) 6 - Staten Island 19 |
| BOTTOM OF THE 8TH |
|
Staten Island Yankees batting - Pitching for Minnesota (NYP) Twins : RHP Ruben Torres
|
|
Pinch Hitting: LHB Alex Genao
|
0-0: Called Strike 0-1: Ball 1-1: Ball 2-1: SINGLE (Groundball, 4MS, EV 73.1 MPH) (infield hit)
|
|
Pinch Hitting: LHB Carlos del Cueto
|
0-0: Ball 1-0: Swinging Strike Passed Ball! Alex Genao to second 1-1: Foul Ball, location: 2F 1-2: Ball 2-2: Strikes out looking
|
|
Pitching: RHP Ben Leiby
|
|
|
Batting: RHB Andres Valles
|
0-0: Ball Wild Pitch! Alex Genao to third 1-0: Foul Ball, location: 2F 1-1: Called Strike 1-2: 2-RUN HOME RUN (Flyball, 7D, EV 99.4 MPH), Distance : 372 ft
|
|
Pinch Hitting: LHB Claudio Kamminga
|
0-0: Swinging Strike 0-1: Foul Ball, location: 2F 0-2: Strikes out looking
|
|
Batting: RHB Chris Diaz
|
0-0: Called Strike 0-1: Swinging Strike 0-2: Strikes out swinging
|
| Bottom of the 8th over - 2 runs, 2 hits, 0 errors, 0 left on base; Minnesota (NYP) 6 - Staten Island 21 |
| TOP OF THE 9TH |
|
Minnesota (NYP) Twins batting - Pitching for Staten Island Yankees : RHP Andres Baca
|
|
Now at 1B: Claudio Kamminga
|
|
|
Now at SS: Alex Genao
|
|
|
Now in RF: Carlos del Cueto
|
|
|
Batting: LHB Chris Munguia
|
0-0: DOUBLE (Line Drive, 9LS, EV 99.4 MPH)
|
|
Batting: RHB David Nardone
|
0-0: Ball 1-0: SINGLE (Groundball, 34D, EV 83.1 MPH) (infield hit) Chris Munguia to third
|
|
Pinch Hitting: RHB Jose Nunez
|
0-0: Foul Ball, location: 2F 0-1: Swinging Strike 0-2: Ball 1-2: Strikes out swinging
|
|
Batting: RHB Michael McDonald
|
0-0: Swinging Strike 0-1: Ball 1-1: Ball 2-1: DOUBLE (Line Drive, 89D, EV 108.1 MPH) Chris Munguia scores David Nardone to third
|
|
Batting: RHB Alex Loaiza
|
0-0: Ball 1-0: Called Strike 1-1: Foul Ball, location: 2F 1-2: Fly out, F7 (Flyball, 7LS, EV 85.6 MPH)
|
|
Batting: RHB Graham Calvert
|
0-0: SINGLE (Groundball, 34, EV 107.5 MPH) David Nardone scores Michael McDonald to third
|
|
Batting: RHB Tony Crespo
|
0-0: Ball 1-0: Ground out 5-3 (Groundball, 56S, EV 85.0 MPH)
|
| Top of the 9th over - 2 runs, 4 hits, 0 errors, 2 left on base; Minnesota (NYP) 8 - Staten Island 21 |
|